 Dungeon Crawl Stone Soup version 0.27-b1-23-g44b8eac545 (webtiles) character file.

Game seed: 6746321923801705605

48489 JBAR the Tortoise (level 14, -11/116 HPs)
             Began as a Minotaur Gladiator on July 28, 2021.
             Was a High Priest of Hepliaklqana.
             Shot with an arrow by a centaur warrior (22 damage)
             ... while paralysed by a great orb of eyes
             ... on level 15 of the Dungeon.
             The game lasted 00:42:02 (14222 turns).

JBAR the Tortoise (Minotaur Gladiator)             Turns: 14222, Time: 00:42:03

Health: -11/116    AC: 28    Str: 29    XL:     14   Next: 12%
Magic:  13/13      EV:  2    Int:  4    God:    Hepliaklqana [*****.]
Gold:   1089       SH:  0    Dex: 19    Spells: 13/13 levels left

rFire    + . .     SeeInvis +   a - +3 quarterstaff (elec)
rCold    . . .     Faith    .   (shield currently unavailable)
rNeg     + . .     Spirit   .   q - +0 plate armour of Temperance {rF+ Str+4 Dex+4}
rPois    +         Reflect  .   (helmet unavailable)
rElec    +         Harm     .   e - +2 ratskin cloak {*Rats rPois rN+ Str-1 Int-1 Dex+1}
rCorr    +         Rampage  .   n - +2 pair of gloves
Will     .....                  w - +2 pair of boots "Datil" {+Blink Will- Str+4}
Stlth    ..........             b - amulet of regeneration
HPRegen  1.29/turn              h - +4 ring of evasion
MPRegen  0.13/turn              x - ring "Papsossu" {rElec rCorr SInv}

@: paralysed, studying Armour
A: reduced essence, horns 3, retaliatory headbutt
a: Renounce Religion, Evoke Blink, Recall Ancestor, Ancestor Identity,
Transference, Idealise


You were on level 15 of the Dungeon.
You worshipped Hepliaklqana.
Hepliaklqana was extremely pleased with you.
You visited 1 branch of the dungeon, and saw 15 of its levels.
You also visited: Ossuary and Gauntlet.

You collected 1089 gold pieces.

Inventory:

Hand Weapons
 a - a +3 quarterstaff of electrocution (weapon)
 F - the +10 falchion of Qipt {vorpal, rElec Dex+6 Stlth-}
   (You found it on level 12 of the Dungeon)

   It inflicts extra damage upon your enemies.
   Dex:       It affects your dexterity (+6).
   rElec:     It insulates you from electricity.
   Stlth:     It makes you less stealthy.
 G - the +6 long sword of the Screaming Ancients {freeze, rElec rC- Will+ Stlth+}
   (You found it in a Gauntlet)

   It freezes those it strikes, dealing additional cold damage.
   It can also slow down cold-blooded creatures.
   rC:        It makes you vulnerable to cold.
   rElec:     It insulates you from electricity.
   Will:      It increases your willpower.
   Stlth:     It makes you more stealthy.
Missiles
 d - 2 throwing nets (quivered)
 k - 8 atropa-tipped darts
 K - 7 curare-tipped darts
Armour
 c - a +2 hat
 e - the +2 ratskin cloak (worn) {*Rats rPois rN+ Str-1 Int-1 Dex+1}
   (You found it on level 6 of the Dungeon)

   When the wearer is hurt, rats may emerge from it to assist them.
   Str:       It affects your strength (-1).
   Int:       It affects your intelligence (-1).
   Dex:       It affects your dexterity (+1).
   rPois:     It protects you from poison.
   rN:        It protects you from negative energy.
 n - a +2 pair of gloves (worn)
 q - the +0 plate armour of Temperance (worn) {rF+ Str+4 Dex+4}
   (You acquired it on level 4 of the Dungeon)

   Str:       It affects your strength (+4).
   Dex:       It affects your dexterity (+4).
   rF:        It protects you from fire.
 w - the +2 pair of boots "Datil" (worn) {+Blink Will- Str+4}
   (You found it on level 7 of the Dungeon)

   Str:       It affects your strength (+4).
   +Blink:    It lets you blink.
   Will:      It decreases your willpower.
 J - the +2 scale mail of Zin's Righteous Anger {Rampage Slay+5 Stlth+}
   (You found it on level 14 of the Dungeon)

   Slay:      It affects your accuracy & damage with ranged weapons and melee
   (+5).
   Rampage:   It bestows one free step when moving towards enemies.
   Stlth:     It makes you more stealthy.
Jewellery
 b - an amulet of regeneration (around neck)
 h - a +4 ring of evasion (left hand)
 x - the ring "Papsossu" (right hand) {rElec rCorr SInv}
   (You found it in a Gauntlet)

   [ring of see invisible]

   rElec:     It insulates you from electricity.
   SInv:      It lets you see invisible.
   rCorr:     It protects you from acid and corrosion.
 A - a ring of protection from cold
 D - a +6 ring of intelligence
 H - a +6 ring of dexterity
Wands
 l - a wand of mindburst (28)
 o - a wand of acid (16)
 p - a wand of polymorph (7)
 s - a wand of flame (58)
 v - a wand of iceblast (11)
 B - a wand of paralysis (17)
Scrolls
 g - 4 scrolls of identify
 r - 3 scrolls of fear
 t - a scroll of holy word
 u - 4 scrolls of teleportation
 y - 5 scrolls of amnesia
 C - 2 scrolls of blinking
 E - 2 scrolls of silence
Potions
 f - a potion of resistance
 i - 2 potions of heal wounds
 j - 3 potions of haste
 m - 12 potions of curing
 z - a potion of magic
Miscellaneous
 I - a piece from Xom's chessboard (15/15)


   Skills:
 * Level 13.4 Fighting
 + Level 14.2 Staves
 + Level 2.1 Throwing
 * Level 15.6 Armour
 * Level 10.9 Dodging
 + Level 4.3 Stealth
 + Level 1.3 Invocations
 * Level 9.1 Evocations


You had 13 spell levels left.
You didn't know any spells.
Your spell library contained the following spells:

 Spells                   Type           Power      Damage    Failure   Level
 Beastly Appendage        Tmut           0%         N/A       97%         1
 Foxfire                  Conj/Fire      0%         2x1d4     97%         1
 Slow                     Hex            0%         N/A       99%         2
 Wereblood                Tmut           0%         N/A       99%         2
 Call Canine Familiar     Summ           0%         N/A       100%        3
 Confusing Touch          Hex            0%         N/A       100%        3
 Conjure Flame            Conj/Fire      0%         6-21      100%        3
 Dazzling Flash           Conj/Hex       0%         N/A       100%        3
 Inner Flame              Hex/Fire       0%         N/A       100%        3
 Portal Projectile        Hex/Tloc       0%         N/A       100%        3
 Spider Form              Tmut/Pois      0%         N/A       100%        3
 Vampiric Draining        Necr           0%         2d6       100%        3
 Cause Fear               Hex            0%         N/A       100%        4
 Leda's Liquefaction      Hex/Erth       0%         N/A       100%        4
 Agony                    Necr           0%         N/A       100%        5
 Silence                  Hex/Air        0%         N/A       100%        5
 Summon Forest            Summ/Tloc      0%         N/A       100%        5
 Summon Mana Viper        Hex/Summ       0%         N/A       100%        5
 Dispersal                Tloc           0%         N/A       100%        6
 Eringya's Noxious Bog    Tmut/Pois      0%         N/A       100%        6
 Shadow Creatures         Summ           N/A        N/A       100%        6
 Statue Form              Tmut/Erth      0%         N/A       100%        6
 Dragon Form              Tmut           0%         N/A       100%        7
 Storm Form               Tmut/Air       0%         N/A       100%        7
 Disjunction              Tloc           0%         N/A       100%        8
 Dragon's Call            Summ           0%         N/A       100%        9


Dungeon Overview and Level Annotations

Branches:
Dungeon (15/15)            Temple (0/1) D:6            Lair (0/6) D:9
    Orc (0/2) D:9          Vaults (0/5) D:13        Ossuary (visited)
Gauntlet (visited)
 Depths: D:15

Altars:
Hepliaklqana
Kikubaaqudgha
Qazlal
Ru
Trog
Yredelemnul

Shops:
D:4 :   D:10 [   D:13 :

Portals:
Trove: D:14 (give 7 scrolls of fog)

Annotations:
D:13 1 runed translucent door


Innate Abilities, Weirdness & Mutations

Your life essence is reduced to manifest your ancestor. (-10% HP)
You have a pair of large horns on your head.
You reflexively headbutt those who attack you in melee.


Message History

A centaur warrior comes into view.
The centaur warrior shoots an arrow.
The arrow barely misses you.
You thump the great orb of eyes!
Lightning courses through the great orb of eyes!
You headbutt the great orb of eyes.
The great orb of eyes is severely wounded.
The great orb of eyes bites you but does no damage.
The centaur warrior wields a +0 shortbow.
The centaur warrior shoots an arrow.
The arrow hits you!
You barely miss the great orb of eyes. You headbutt the great orb of eyes.
The great orb of eyes is severely wounded.
The centaur warrior shoots an arrow.
The arrow hits you. The great orb of eyes bites you.
The centaur warrior shoots an arrow.
The arrow closely misses you.
You hit the great orb of eyes but do no damage.
You headbutt the great orb of eyes!
The great orb of eyes is almost dead.
The centaur warrior shoots an arrow.
The arrow hits you!
You hit the great orb of eyes.
The great orb of eyes is almost dead.
The centaur warrior shoots an arrow.
The arrow hits you.
The centaur warrior shoots an arrow.
The arrow hits you!! The great orb of eyes gazes at you.
You suddenly lose the ability to move!
The centaur warrior shoots an arrow.
The arrow hits you!
* * * LOW HITPOINT WARNING * * *
The centaur warrior shoots an arrow.
The arrow hits you but does no damage.
The centaur warrior shoots an arrow.
The arrow hits you.
* * * LOW HITPOINT WARNING * * *
The great orb of eyes bites you!
* * * LOW HITPOINT WARNING * * *
The centaur warrior shoots an arrow.
The arrow hits you but does no damage.
The centaur warrior shoots an arrow.
The arrow hits you but does no damage.
The centaur warrior shoots an arrow.
The arrow hits you but does no damage.
The great orb of eyes bites you but does no damage.
The centaur warrior shoots an arrow.
The arrow hits you!
* * * LOW HITPOINT WARNING * * *
The great orb of eyes bites you but does no damage.
The centaur warrior shoots an arrow.
The arrow hits you!!
You die...

.......................
..####.................
..# #................#
..# #..).............#
..# #.......[........
..# #.......####..####
..# #.......#........#
..# #.......#.R####..#
..# #......R#.#@.c.#
..####....##...#G#c.#
..........#....#.. .#
####+######..#.#... # #
#..#..#### # #..#.... #
#..####.. # #... ... #
#... ..


You could see the friendly Zolin the hexer, a great orb of eyes (ally target)
and 2 centaur warriors.

Vanquished Creatures
  A minotaur (Gauntlet)
  Snorg (D:13)
  5 vault guards (D:13)
  2 ogre magi (D:13)
  A ghost crab (Gauntlet)
  7 boulder beetles
  2 hydras (D:13)
  2 two-headed ogres
  Erica (D:8)
  4 centaur warriors
  3 tengu warriors
  4 skeletal warriors (D:14)
  A flayed ghost (D:14)
  A wizard (D:14)
  A deep elf pyromancer (D:12)
  A manticore (D:13)
  13 ugly things
  A worldbinder (Gauntlet)
  3 cyclopes
  A rust devil (Gauntlet)
  2 gargoyles
  2 yaktaurs (D:14)
  2 kobold demonologists
  3 trolls
  A yaktaur (shapeshifter) (D:14)
  Prince Ribbit (D:7)
  5 slime creatures (D:14)
  2 dream sheep (D:13)
  A centaur simulacrum (D:15)
  A ynoxinul (Gauntlet)
  4 wraiths
  A vampire (D:12)
  8 yaks
  A human (D:13)
  A steam dragon (D:8)
  Grum (D:10)
  2 vampire mosquitoes (D:10)
  An acid dragon (D:12)
  3 water moccasins
  An ice beast (D:7)
  6 orc warriors
  3 sky beasts
  A hornet zombie (Ossuary)
  2 black bears
  6 ogres
  3 boggarts (Gauntlet)
  3 wolves (D:10)
  9 centaurs
  7 kobold brigands
  3 bullfrogs (D:6)
  2 scorpions
  A wyvern skeleton (D:5)
  3 water moccasin zombies
  A water moccasin skeleton (D:5)
  2 killer bees
  5 wights (D:7)
  A howler monkey (D:7)
  9 bullfrog zombies
  8 centaur zombies
  A hound (D:7)
  A human zombie (D:7)
  A jelly (D:7)
  A bullfrog skeleton (D:5)
  4 orc priests
  4 iguanas
  2 iron imps (Gauntlet)
  Ijyb (D:5)
  7 hell rats (D:6)
  A scorpion zombie (D:5)
  5 orc wizards
  4 killer bee zombies
  15 mummies
  2 howler monkey zombies (Ossuary)
  Robin (D:3)
  3 gnolls (D:6)
  4 adders
  A howler monkey skeleton (D:6)
  12 river rats (D:6)
  A white imp (D:3)
  4 ufetubi
  An adder skeleton (D:4)
  An adder zombie (D:5)
  A worm (D:3)
  A dart slug (D:4)
  29 orcs
  4 endoplasms
  3 giant cockroaches
  14 goblins
  14 hobgoblins
  4 jackals (D:3)
  25 kobolds
  5 quokkas
  7 ball pythons
  7 bats
  2 frilled lizards (D:1)
  10 rats
376 creatures vanquished.

Vanquished Creatures (collateral kills)
  Erolcha (D:10)
  The ghost of JBAR the Blocker, a journeyman GnFi of Gozag (D:11)
  A hydra (D:11)
  A catoblepas (D:14)
  Urug (D:11)
  2 kobold demonologists (D:11)
  A yak (D:11)
  A human (D:13)
  A vampire mosquito (D:10)
  A black bear (D:8)
  A wolf (D:10)
  2 killer bees (D:8)
  A wight (D:7)
  A bullfrog zombie (Ossuary)
  2 centaur skeletons
  3 mummies (Ossuary)
  An iguana (D:5)
  2 orc wizards
  A gnoll (D:6)
  2 orcs
  A kobold (D:12)
28 creatures vanquished.

Vanquished Creatures (others)
  4 hexers
  A plant (Gauntlet)
  6 toadstools (D:9)
  7 withered plants
18 creatures vanquished.

Grand Total: 422 creatures vanquished

Notes
Turn   | Place    | Note
-------+----------+-------------------------------------------
     0 | D:1      | JBAR the Minotaur Gladiator began the quest for the Orb.
     0 | D:1      | Reached XP level 1. HP: 18/18 MP: 0/0
   239 | D:1      | Reached XP level 2. HP: 25/25 MP: 1/1
   490 | D:1      | Found a faded altar of an unknown god.
   891 | D:2      | Reached XP level 3. HP: 30/30 MP: 2/2
   948 | D:2      | Reached skill level 1 in Armour
  1419 | D:3      | Noticed Robin
  1444 | D:2      | Reached XP level 4. HP: 33/37 MP: 3/3
  1561 | D:3      | Killed Robin
  1688 | D:3      | Reached skill level 2 in Armour
  1956 | D:3      | Found a stormy altar of Qazlal.
  1966 | D:3      | Reached skill level 5 in Staves
  2096 | D:3      | Noticed a water moccasin
  2107 | D:3      | Killed a water moccasin
  2108 | D:3      | Reached XP level 5. HP: 29/45 MP: 4/4
  2579 | D:4      | Found Vuasob's Book Shoppe.
  2579 | D:4      | Noticed a black bear
  2583 | D:4      | Killed a black bear
  2584 | D:4      | Reached skill level 3 in Armour
  2584 | D:4      | Reached skill level 1 in Evocations
  2584 | D:4      | Reached XP level 6. HP: 48/51 MP: 5/5
  2619 | D:4      | You fall into a shaft and drop 1 floor!
  2619 | D:5      | Entered Level 5 of the Dungeon
  2627 | D:5      | Found a hazy altar of Hepliaklqana.
  2650 | D:5      | Became a worshipper of Hepliaklqana the Forgotten
  2729 | D:5      | Noticed Ijyb
  2739 | D:5      | Killed Ijyb
  2740 | D:5      | Reached skill level 4 in Armour
  2740 | D:5      | Reached XP level 7. HP: 58/58 MP: 6/6
  2853 | D:5      | Found an ancient bone altar of Kikubaaqudgha.
  2854 | D:5      | Found a bloodstained altar of Trog.
  3153 | D:4      | Reached * piety under Hepliaklqana
  3321 | D:4      | Identified a scroll of acquirement
  3321 | D:4      | Acquired the +0 plate armour of Temperance {rF+ Str+4
                  | Dex+4}
  3426 | D:4      | Reached skill level 5 in Dodging
  3451 | D:4      | Found a sacrificial altar of Ru.
  3812 | D:5      | Reached skill level 5 in Armour
  3933 | D:6      | Reached XP level 8. HP: 60/60 MP: 7/7
  4006 | D:6      | Reached skill level 5 in Fighting
  4015 | D:6      | Found a staircase to the Ecumenical Temple.
  4331 | D:6      | Reached ** piety under Hepliaklqana
  4332 | D:6      | Remembered your ancestor Zolin as a hexer
  4390 | D:6      | Reached skill level 6 in Armour
  4406 | D:6      | Found the +2 ratskin cloak {*Rats rPois rN+ Str-1 Int-1
                  | Dex+1}
  4898 | D:7      | Found a sand-covered staircase.
  4907 | Ossuary  | Entered an ossuary
  4967 | Ossuary  | Reached XP level 9. HP: 55/67 MP: 8/8
  4993 | Ossuary  | Reached skill level 7 in Armour
  5293 | Ossuary  | Reached skill level 1 in Stealth
  5526 | D:7      | Noticed a troll
  5532 | D:7      | Killed a troll
  5573 | D:7      | Identified the +2 pair of boots "Datil" {+Blink Will-
                  | Str+4}
  5757 | D:7      | Reached skill level 8 in Armour
  5757 | D:7      | Reached XP level 10. HP: 77/77 MP: 9/9
  5798 | D:7      | Found a basalt altar of Yredelemnul.
  5842 | D:7      | Reached skill level 10 in Staves
  5893 | D:7      | Noticed Prince Ribbit
  6631 | D:7      | Killed Prince Ribbit
  6737 | D:8      | Reached *** piety under Hepliaklqana
  6857 | D:8      | Noticed Erica
  6867 | D:8      | Killed Erica
  6868 | D:8      | Reached skill level 5 in Evocations
  7440 | D:9      | Reached skill level 9 in Armour
  7487 | D:9      | Found a staircase to the Lair.
  7757 | D:9      | Found a staircase to the Orcish Mines.
  7799 | D:9      | Noticed a tengu warrior
  7815 | D:9      | Killed a tengu warrior
  8183 | D:9      | Reached XP level 11. HP: 78/87 MP: 10/10
  8375 | D:10     | Entered Level 10 of the Dungeon
  8426 | D:10     | Reached **** piety under Hepliaklqana
  8603 | D:10     | Noticed Erolcha
  8611 | D:10     | Killed Erolcha
  8775 | D:10     | Found Epar Rio's Armour Boutique.
  8833 | D:10     | Noticed Grum
  8839 | D:10     | Killed Grum
  9015 | D:11     | Reached skill level 10 in Armour
  9038 | D:11     | Found a large runed translucent door.
  9039 | D:11     | Found a large runed translucent door.
  9042 | D:11     | Noticed JBAR's ghost (journeyman GnFi)
  9085 | D:11     | Noticed an eight-headed hydra
  9093 | D:11     | Killed an eight-headed hydra
  9094 | D:11     | Reached skill level 10 in Fighting
  9176 | D:11     | Noticed a two-headed ogre
  9184 | D:11     | Killed a two-headed ogre
  9266 | D:11     | Noticed a red ugly thing
  9272 | D:11     | Killed a red ugly thing
  9302 | D:11     | Reached skill level 1 in Invocations
  9315 | D:11     | Noticed Urug
  9325 | D:11     | Killed Urug
  9534 | D:11     | Killed JBAR's ghost
  9596 | D:12     | Reached XP level 12. HP: 95/97 MP: 11/11
  9672 | D:12     | Noticed a boulder beetle
  9683 | D:12     | Killed a boulder beetle
  9684 | D:12     | Reached skill level 11 in Armour
  9690 | D:12     | Acquired a manual of Armour
  9867 | D:12     | Noticed a boulder beetle
  9880 | D:12     | Killed a boulder beetle
  9898 | D:12     | Noticed a tengu warrior
  9904 | D:12     | Killed a tengu warrior
 10005 | D:12     | Noticed a boulder beetle
 10014 | D:12     | Killed a boulder beetle
 10020 | D:12     | Identified the +10 falchion of Qipt {vorpal, rElec Dex+6
                  | Stlth-}
 10817 | D:13     | Noticed a centaur warrior
 10823 | D:13     | Killed a centaur warrior
 10824 | D:13     | Reached skill level 12 in Armour
 10837 | D:13     | Noticed Snorg
 10840 | D:13     | Noticed a six-headed hydra
 10850 | D:13     | Killed a six-headed hydra
 10857 | D:13     | Killed Snorg
 10960 | D:13     | Reached ***** piety under Hepliaklqana
 10993 | D:13     | Noticed a vault guard
 10993 | D:13     | Noticed a vault guard
 11031 | D:13     | Noticed an ogre mage
 11031 | D:13     | Noticed an ogre mage
 11038 | D:13     | Killed an ogre mage
 11039 | D:13     | Reached skill level 13 in Armour
 11039 | D:13     | Noticed a vault guard
 11041 | D:13     | Killed an ogre mage
 11053 | D:13     | Killed a vault guard
 11100 | D:13     | Killed a vault guard
 11125 | D:13     | Found a gate to the Vaults.
 11125 | D:13     | Noticed a vault guard
 11125 | D:13     | Noticed a vault guard
 11131 | D:13     | Killed a vault guard
 11137 | D:13     | Killed a vault guard
 11156 | D:13     | Killed a vault guard
 11157 | D:13     | Reached XP level 13. HP: 105/105 MP: 12/12
 11390 | D:13     | Reached skill level 10 in Dodging
 11453 | D:13     | Found Vopsolaovo's Book Shop.
 11574 | D:13     | Found a runed translucent door.
 12058 | D:13     | Gained mutation: You are dopey. (Int -2) [potion of
                  | mutation]
 12058 | D:13     | Gained mutation: You are agile. (Dex +2) [potion of
                  | mutation]
 12058 | D:13     | Gained mutation: Armour fits poorly on your strangely
                  | shaped body. [potion of mutation]
 12058 | D:13     | Gained mutation: You are somewhat resistant to further
                  | mutation. [potion of mutation]
 12059 | D:13     | Lost mutation: You are dopey. (Int -2) [potion of mutation]
 12059 | D:13     | Lost mutation: You are agile. (Dex +2) [potion of mutation]
 12060 | D:13     | Lost mutation: Armour fits poorly on your strangely shaped
                  | body. [potion of mutation]
 12060 | D:13     | Lost mutation: You are somewhat resistant to further
                  | mutation. [potion of mutation]
 12060 | D:13     | Gained mutation: You have a pair of large horns on your
                  | head. [potion of mutation]
 12079 | D:14     | Found a gate leading to a gauntlet.
 12084 | Gauntlet | Entered a Gauntlet
 12084 | Gauntlet | Found a transporter.
 12091 | Gauntlet | Found a transporter.
 12093 | Gauntlet | Found a transporter.
 12107 | Gauntlet | Found a transporter.
 12114 | Gauntlet | Found a transporter.
 12117 | Gauntlet | Found a transporter.
 12134 | Gauntlet | Found the amulet of Vitality {Regen+ HP+15}
 12135 | Gauntlet | Found a transporter.
 12146 | Gauntlet | Found a transporter.
 12157 | Gauntlet | Found a transporter.
 12171 | Gauntlet | Found a transporter.
 12184 | Gauntlet | Found a runed translucent gate.
 12185 | Gauntlet | Found a transporter.
 12185 | Gauntlet | Found a runed translucent gate.
 12185 | Gauntlet | Found a transporter.
 12186 | Gauntlet | Found a runed translucent gate.
 12228 | Gauntlet | Found a transporter.
 12242 | Gauntlet | Found a transporter.
 12407 | Gauntlet | Reached skill level 14 in Armour
 12442 | Gauntlet | Identified the ring "Papsossu" {rElec rCorr SInv}
 12564 | Gauntlet | Noticed a minotaur
 12572 | Gauntlet | Killed a minotaur
 12577 | Gauntlet | Identified the +6 long sword of the Screaming Ancients
                  | {freeze, rElec rC- Will+ Stlth+}
 12586 | Gauntlet | Got the Papyrus of Transformation
 12974 | D:14     | Reached skill level 15 in Armour
 13006 | D:14     | Identified the +2 scale mail of Zin's Righteous Anger
                  | {Rampage Slay+5 Stlth+}
 13315 | D:14     | Found a portal to a secret trove of treasure.
 13398 | D:14     | Reached XP level 14. HP: 103/116 MP: 13/13
 14119 | D:15     | Entered Level 15 of the Dungeon
 14219 | D:15     | Paralysed by a great orb of eyes for 6 turns
 14222 | D:15     | Shot with an arrow by a centaur warrior

Illustrated notes

Levels and vault maps discovered:
D:1:      lightli_iron_boxes, layout_basic, chequers_ecumenical_altar_simple,
          st_stairs_2
D:2:      layout_loops_ring, minmay_split_cup_large
D:3:      layout_basic, mainiacjoe_overflow_concentric_impassable, uniq_robin
D:4:      minmay_evil_eye, layout_basic, nicolae_ru_path_of_blood, serial_shops,
          shop_fountains, st_stairs_14
D:5:      layout_gridville, mainiacjoe_overflow_small_starburst,
          grunt_temple_overflow_open, minmay_fractal_squares_5, uniq_ijyb
D:6:      wander_guarded_unrand_ratskin, layout_basic,
          minmay_temple_entry_large_hall
D:7:      minmay_opposing_rooms, layout_basic,
          lemuel_mausoleum_altar_yredelemnul, enter_ossuary_1,
          corexii_item_surrounded_by_moat, uniq_prince_ribbit1
D:8:      layout_cave_pods, uniq_erica
D:9:      layout_irregular_city, lair_entry_dummy, erik_orc_3,
          minmay_gold_behind_fungi
D:10:     layout_basic, dk_noncrumbling_3, kennysheep_windowed_goal,
          uniq_erolcha, uniq_grum
D:11:     layout_cave_pools, ebering_ghost_disaster_area, uniq_urug
D:12:     layout_layer_cave
D:13:     cheibrodos_body_horror, layout_gridville,
          grunt_vaults_entry_fortified, serial_shops, nicolae_diamond_shop,
          hangedman_ranch, uniq_snorg
D:14:     minmay_wavy_crystal, layout_loops_ring,
          nicolae_trove_entry_free_sample, gauntlet_entry_generic
D:15:     gammafunk_enter_depths_forms, layout_stronghold,
          minmay_misc_feat_cross, minivault_20

Skill      XL: |  1  2  3  4  5  6  7  8  9 10 11 12 13 |
---------------+----------------------------------------+-----
Staves         | 4 5 6 7 8 9 11 12 13 14 | 14.2
Dodging        | 4 5 6 7 8 9 10 | 10.9
Armour         | 1 2 3 4 5 6 8 9 10 13 15 | 15.6
Fighting       | 3 4 6 7 9 10 11 13 | 13.4
Evocations     | 1 2 3 4 5 6 7 9 |  9.1
Stealth        | 2 3 4 |  4.3
Invocations    | 1 |  1.3
Throwing       | |  2.1

Action                   |  1- 3 |  4- 6 |  7- 9 | 10-12 | 13-15 || total
-------------------------+-------+-------+-------+-------+-------++-------
Melee: Quarterstaff      |    76 |    95 |   260 |   390 |   245 ||  1066
       Headbutt          |     9 |    11 |    70 |   124 |   111 ||   325
Throw: Throwing net      |       |     1 |       |     1 |       ||     2
Invok: Ancestor Life: He |       |       |     1 |       |       ||     1
       Idealise          |       |       |       |     1 |       ||     1
       Transference      |       |       |       |     1 |       ||     1
       Recall Ancestor   |       |       |       |       |     2 ||     2
 Abil: Evoke Blink       |       |       |       |     1 |       ||     1
Evoke: Wand              |       |       |     5 |    52 |     5 ||    62
  Use: Scroll            |     1 |     4 |    14 |     9 |     5 ||    33
       Potion            |       |       |     2 |     2 |     7 ||    11
 Stab: Distracted        |       |       |     5 |     4 |     4 ||    13
       Confused          |       |       |     3 |     3 |     2 ||     8
       Held in net/web   |       |       |       |     1 |       ||     1
       Invisible         |       |       |       |     3 |       ||     3
Armor: Leather armour    |     5 |       |       |       |       ||     5
       Chain mail        |    57 |    50 |    16 |       |       ||   123
       Plate armour      |       |       |   120 |   214 |    91 ||   425
Dodge: Dodged            |    45 |    34 |   118 |   219 |   110 ||   526
